 Dungeon Crawl Stone Soup version 0.30-a0-918-g0ff054e9dc (webtiles) character file.

Game seed: 16657715195908840130

95 cforsyth the Trooper (level 4, -1/37 HPs)
             Began as a Human Fighter on Mar 20, 2023.
             Killed from afar by an orc wizard (7 damage)
             ... with a magic dart
             ... on level 3 of the Dungeon.
             The game lasted 00:02:51 (1858 turns).

cforsyth the Trooper (Human Fighter)                Turns: 1858, Time: 00:02:51

Health: -1/37      AC:  6    Str: 18    XL:     4   Next: 95%
Magic:  4/4        EV:  9    Int:  9    God:
Gold:   166        SH:  0    Dex: 12    Spells: 3/3 levels left

rFire   . . .      SeeInvis .    a - +0 flail
rCold   . . .      Faith    .    c - +0 buckler
rNeg    . . .      Spirit   .    b - +0 scale mail
rPois   .          Reflect  .    (no helmet)
rElec   .          Rampage  .    (no cloak)
rCorr   .                        (no gloves)
Will    .....                    (no boots) Stlth
                                 (no amulet)
HPRegen 0.26/turn                (no ring)
MPRegen 0.09/turn                (no ring)

@: confused
A: no striking features
a: no special abilities


You were on level 3 of the Dungeon.
You visited 1 branch of the dungeon, and saw 3 of its levels.

You collected 166 gold pieces.

Inventory:

Hand Weapons
 a - a +0 flail (weapon)
Armour
 b - a +0 scale mail (worn)
 c - a +0 buckler (worn)
 k - a +0 helmet
Scrolls
 g - a scroll of silence {unknown}
 h - a scroll of fear {unknown}
 j - a scroll of noise {unknown}
Potions
 d - a potion of might
 e - a potion of berserk rage
 f - a potion of haste {unknown}
 i - 3 potions of curing


   Skills:
 + Level 4.2 Fighting
 + Level 3.6 Maces & Flails
 - Level 3.0 Armour
 - Level 3.0 Shields


You had 3 spell levels left.
You didn't know any spells.
Your spell library was empty.

Dungeon Overview and Level Annotations

Branches:
Dungeon (3/15)

Altars:
Trog

Shops:
D:1 (:?


Message History

You hear some strange, mumbled words.
Something tries to affect you, but you resist.
You sock something! Something hits you.
You miss something.
You hear some strange, mumbled words.
A magic dart appears from out of thin air!
The magic dart hits you but does no damage.
You closely miss something. Something hits you.
You hit something.
You hear some strange, mumbled words.
A magic dart appears from out of thin air!
The magic dart hits you!
You miss something. Something hits you but does no damage. Something hits you.
You miss something. Something hits you but does no damage.
You closely miss something. Something hits you.
You miss something. Something hits you.
* * * LOW HITPOINT WARNING * * *
You hear some strange, mumbled words.
You are confused.
You bump into the rock wall.
You hear some strange, mumbled words.
You are more confused.
You barely miss something. Something hits you.
* * * LOW HITPOINT WARNING * * *
You barely miss something. Something hits you.
* * * LOW HITPOINT WARNING * * *
You completely miss something. Something hits you but does no damage.
You bump into the rock wall.
An orc wizard appears from thin air!
Reactivating autopickup.
The orc wizard hits you with a +0 dagger.
* * * LOW HITPOINT WARNING * * *
You bump into the rock wall.
The orc wizard hits you with a +0 dagger.
* * * LOW HITPOINT WARNING * * *
You bump into the rock wall.
The orc wizard hits you but does no damage.
You bump into the rock wall.
The orc wizard casts a spell at you. The magic dart hits you!
You die...

#......# #.........
##....#.# #..##.....
#.....#.# #†.##.....
#.....#..
....#######
##.#.#.#### ###..#
#.)..#.# #..#
#.#..#.# # #..#
#....#.####.#####..#
#.##.#..o@..........
# #.#..).#########.
# #.#..).# #
#.#....# #.#..#.#
#..#.# .......
###..#.## #..#..


You could see an orc wizard.

Vanquished Creatures
  3 adders
  3 worms
  2 dart slugs
  2 orcs (D:3)
  8 ball pythons
  2 bats
  9 endoplasms
  3 giant cockroaches
  4 goblins
  2 hobgoblins
  2 quokkas
  A frilled lizard (D:2)
  5 kobolds
  4 rats (D:1)
50 creatures vanquished.

Notes
Turn   | Place    | Note
-------+----------+-------------------------------------------
     0 | D:1      | cforsyth the Human Fighter began the quest for the Orb.
     0 | D:1      | Reached XP level 1. HP: 18/18 MP: 1/1
   104 | D:1      | Reached XP level 2. HP: 24/24 MP: 2/2
   110 | D:1      | Found Dessaale's Weapon Shop.
   117 | D:1      | Found Hyarum's Book Boutique.
   128 | D:1      | Found Fehiusy's Magic Scroll Shoppe.
   835 | D:2      | Reached XP level 3. HP: 16/29 MP: 3/3
  1150 | D:2      | Reached XP level 4. HP: 29/37 MP: 4/4
  1293 | D:2      | Reached skill level 4 in Fighting
  1579 | D:3      | Found a bloodstained altar of Trog.
  1858 | D:3      | Killed from afar by an orc wizard

Illustrated notes

Levels and vault maps discovered:
D:1:      roderic_crossed_star, layout_basic, serial_bayou, serial_bayou_pond_a,
          serial_bayou_shore_b, serial_bayou_lagoon_a, serial_bayou_shore_b,
          serial_shops, shop, nicolae_shop_statue_plus, shop, moated_statue,
          minivault_23, minmay_misc_feat_five
D:2:      layout_basic, minmay_pentomino_r4
D:3:      layout_loops_ring, mainiacjoe_overflow_alcove_4

Skill      XL: |  1  2  3  4 |
---------------+-------------+-----
Maces & Flails | 3 |  3.6
Fighting       | 4 |  4.2
Armour         | |  3.0
Shields        | |  3.0

Action                     |  1- 3 |  4- 6 || total
---------------------------+-------+-------++-------
  Melee: Flail             |    97 |    67 ||   164
    Use: Scroll            |       |     2 ||     2
 Armour: Scale mail        |    52 |    36 ||    88
  Dodge: Dodged            |    40 |    23 ||    63
  Block: Buckler           |    20 |    18 ||    38

Table legend: (Time is in decaauts)
 A = Elapsed time spent in this place.
 B = Non-inter-level travel time spent in this place.
 C = Inter-level travel time spent in this place.
 D = Time resting spent in this place.
 E = Time spent auto-exploring this place.
 F = Levels seen in this place.
 G = Mean time per level.
                   A        B        C        D        E       F      G
               +--------+--------+--------+--------+--------+-----+--------+
         Total |   1925 |   1877 |     48 |      0 |   1504 |   3 |  641.7 |
       Dungeon |   1925 |   1877 |     48 |      0 |   1504 |   3 |  641.7 |
               +--------+--------+--------+--------+--------+-----+--------+

Top non-repeatable levels by time:
     D:1: 859 daAuts
     D:2: 707 daAuts
     D:3: 358 daAuts
